 Dungeon Sprint DCSS version 0.22.1-2-g9c5b331383 (webtiles) character file.

1178 Nattfarinn the Covert (level 8, -23/55 HPs)
             Began as a Vampire Assassin on Nov 28, 2018.
             Was a Follower of Okawaru.
             Annihilated by a deep troll (24 damage)
             ... in the Dungeon (Sprint I: "Red Sonja").
             The game lasted 00:04:08 (2183 turns).

Nattfarinn the Covert (Vampire Assassin)            Turns: 2183, Time: 00:04:09

Health: -23/55     AC:  3    Str: 10    XL:     8   Next: 18%
Magic:  8/8        EV: 23    Int: 13    God:    Okawaru [*.....]
Gold:   459        SH:  0    Dex: 18    Spells: 7/7 levels left

rFire    . . .     SeeInvis +   r - +1 dagger (venom)
rCold    + + .     Gourm    .   (no shield)
rNeg     + + +     Faith    .   c - +0 robe
rPois    ∞         Spirit   .   (no helmet)
rElec    .         Reflect  .   d - +0 cloak
rCorr    .         Harm     .   (no gloves)
MR       .....     NoTele   +   (no boots)
Stlth    ++++++++..             (no amulet)
HPRegen  0.00/turn              (no ring)
MPRegen  0.11/turn              (no ring)

@: bloodless, non-regenerating
A: fangs 3, see invisible, unbreathing
a: Bat Form, Heroism, Renounce Religion


You were in the Dungeon.
You worshipped Okawaru.
Okawaru was aware of your devotion.
You were bloodless.

You visited 1 branch You collected 459 gold pieces.

Inventory:

Hand Weapons
 a - a +2 dagger
 b - a +0 blowgun
 n - a +1 dagger of venom
 p - a +6 blowgun
 r - a +1 dagger of venom (weapon)
Missiles
 e - 8 poisoned needles
 f - 2 curare-tipped needles (quivered)
Armour
 c - a +0 robe (worn)
 d - a +0 cloak (worn)
Wands
 g - a wand of flame (13)
 o - a wand of digging (20)
Scrolls
 m - a scroll of blinking
Potions
 h - a potion of curing
 i - a potion of heal wounds
 j - a potion of haste
 k - 2 potions of magic
 l - a potion of berserk rage
 q - a potion of blood


   Skills:
 - Level 1.7 Fighting
 + Level 10.3 Short Blades
 - Level 1.5 Throwing
 - Level 13.2 Dodging
 - Level 14.6 Stealth


You had 7 spell levels left.
You didn't know any spells.
Your spell library was empty.

Dungeon Overview and Level Annotations

Branches:
Dungeon (1/1)

Altars:
Cheibriados
Dithmenos
Elyvilon
Fedhas
Gozag
Hepliaklqana
Kikubaaqudgha
Makhleb
Nemelex Xobeh
Okawaru
Qazlal
Ru
Sif Muna
Trog
Uskayaw
Vehumet
Wu Jian
Xom
Yredelemnul
Zin
The Shining One
Jiyva
Lugonu

Shops:
D ((


Innate Abilities, Weirdness & Mutations

You do not heal naturally.
You are immune to poison.
You have razor-sharp teeth.
You have supernaturally acute eyesight. (SInv)
You can survive without breathing.


Message History

Tossing away (i - inventory)
f - 4 curare-tipped needles (quivered)
Press: ? - help, Shift-Dir - straight line, f/p - deep troll
Aim: a deep troll You toss away a curare-tipped needle.
The curare-tipped needle hits the deep troll.
The deep troll completely misses you. The deep troll closely misses you.
The deep troll claws you!
* * * LOW HITPOINT WARNING * * *
The deep troll completely misses you. The deep troll closely misses you.
The deep troll misses you.
There is an open door here.
Found Nuahy's Antique Weapon Boutique.
There is an entrance to Nuahy's Antique Weapon Boutique here.
Tossing away (i - inventory)
f - 3 curare-tipped needles (quivered)
Press: ? - help, Shift-Dir - straight line, f/p - deep troll
Aim: a deep troll You toss away a curare-tipped needle.
The curare-tipped needle closely misses the deep troll.
The deep troll bites you!!
You die...

#..#####+#####'#__
#..#### #...#(###
#..#__####..##(#≈≈
#..#_____##'#_.§≈§
#⌠⌠#_.∩...'..§_#§≈
####_..__##_.#'# +
#_____###'#.#
############.####+
#@T.......'...($$.
###++++####.†(####
##.## #+#


You could see a deep troll.

Vanquished Creatures
  Sonja (D)
  A slime creature (D)
  Sigmund (D)
  A yak (D)
  An ogre (D)
  A jelly (D)
  Ijyb (D)
7 creatures vanquished.

Notes
Turn   | Place    | Note
-------+----------+-------------------------------------------
     0 | D        | Nattfarinn the Vampire Assassin began the quest for the
                  | Orb.
     0 | D        | Reached XP level 1. HP: 16/16 MP: 1/1
  2035 | D        | Noticed Ijyb
  2037 | D        | Killed Ijyb
  2037 | D        | Reached skill level 10 in Stealth
  2037 | D        | Reached XP level 2. HP: 22/22 MP: 2/2
  2044 | D        | Noticed an ogre
  2046 | D        | Killed an ogre
  2046 | D        | Reached skill level 14 in Stealth
  2046 | D        | Reached XP level 3. HP: 27/27 MP: 3/3
  2046 | D        | Reached XP level 4. HP: 33/33 MP: 4/4
  2048 | D        | Noticed Sigmund
  2051 | D        | Killed Sigmund
  2051 | D        | Reached XP level 5. HP: 38/38 MP: 5/5
  2064 | D        | Found a burning altar of Makhleb.
  2064 | D        | Found a viscous altar of Jiyva.
  2064 | D        | Found a shimmering altar of Xom.
  2064 | D        | Found a corrupted altar of Lugonu.
  2064 | D        | Noticed a slime creature
  2069 | D        | Killed a slime creature
  2069 | D        | Reached XP level 6. HP: 44/44 MP: 6/6
  2082 | D        | Noticed a kobold demonologist
  2082 | D        | Noticed a floating eye
  2089 | D        | Found an ornate altar of the Wu Jian Council.
  2089 | D        | Found a deep blue altar of Sif Muna.
  2091 | D        | Found a radiant altar of Vehumet.
  2098 | D        | Found Kujamp's Antique Weapon Emporium.
  2098 | D        | Found an ancient bone altar of Kikubaaqudgha.
  2098 | D        | Found a hazy altar of Hepliaklqana.
  2098 | D        | Found a stormy altar of Qazlal.
  2098 | D        | Found a hide-covered altar of Uskayaw.
  2098 | D        | Found a blossoming altar of Fedhas.
  2098 | D        | Found a bloodstained altar of Trog.
  2098 | D        | Found an iron altar of Okawaru.
  2098 | D        | Found a basalt altar of Yredelemnul.
  2098 | D        | Found a glowing golden altar of the Shining One.
  2098 | D        | Found a snail-covered altar of Cheibriados.
  2098 | D        | Found a sacrificial altar of Ru.
  2098 | D        | Found a glowing silver altar of Zin.
  2098 | D        | Found a shadowy altar of Dithmenos.
  2098 | D        | Found a white marble altar of Elyvilon.
  2098 | D        | Noticed a yak
  2099 | D        | Found an opulent altar of Gozag.
  2100 | D        | Killed a yak
  2100 | D        | Reached XP level 7. HP: 49/49 MP: 7/7
  2101 | D        | Found a sparkling altar of Nemelex Xobeh.
  2107 | D        | Became a worshipper of Warmaster Okawaru
  2142 | D        | Noticed Sonja
  2146 | D        | Killed Sonja
  2146 | D        | Reached * piety under Okawaru
  2146 | D        | Reached skill level 10 in Short Blades
  2146 | D        | Reached XP level 8. HP: 55/55 MP: 8/8
  2165 | D        | Noticed a deep troll
  2172 | D        | HP: 1/55 [deep troll (11)]
  2175 | D        | Found Nuahy's Antique Weapon Boutique.
  2183 | D        | Annihilated by a deep troll

Skill      XL: |  1  2  3  4  5  6  7 |
---------------+----------------------+-----
Stealth        | 10 14 | 14.6
Dodging        | 8 12 13 | 13.2
Short Blades   | 10 | 10.3
Fighting       | |  1.7
Throwing       | |  1.5

Action                   |  1- 3 |  4- 6 |  7- 9 || total
-------------------------+-------+-------+-------++-------
Melee: Dagger            |     2 |     6 |     1 ||     9
 Stab: Sleeping          |     2 |     4 |     1 ||     7
Armor: Robe              |       |       |     1 ||     1
Dodge: Dodged            |       |     1 |     9 ||    10
